 Dungeon Crawl Stone Soup version 0.21.0-24-g2553a33 (webtiles) character file.

56 MenacingMecha the Sneak (level 3, -4/18 HPs)
             Began as a Spriggan Assassin on Jan 19, 2018.
             Slain by an orc wizard
             ... wielding a +2 dagger of draining
              (5 damage)
             ... on level 3 of the Dungeon.
             The game lasted 00:04:57 (1828 turns).

MenacingMecha the Sneak (Spriggan Assassin)         Turns: 1828, Time: 00:04:58

Health: -4/18      AC:  3    Str:  8    XL:     3   Next: 69%
Magic:  4/4        EV: 16    Int: 12    God:
Gold:   46         SH:  0    Dex: 17    Spells: 2/2 levels left

rFire    . . .     SeeInvis +   n - +1 dagger (venom)
rCold    . . .     Gourm    .   (shield restricted)
rNeg     . . .     Faith    .   c - +0 robe
rPois    .         Spirit   .   (helmet restricted)
rElec    .         Reflect  .   d - +0 cloak
rCorr    .         Harm     .   (gloves unavailable)
MR       .....                  (boots unavailable)
Stlth    +++.......             (no amulet)
HPRegen  0.06/turn              (no ring)
MPRegen  0.09/turn              (no ring)

@: drained, very quick
A: very small, unfitting armour, see invisible, herbivore, speed 3, slow
metabolism 2
a: no special abilities


You were on level 3 of the Dungeon.
You were not hungry.

You visited 1 branch of the dungeon, and saw 3 of its levels.

You collected 46 gold pieces.

Inventory:

Hand Weapons
 b - a +0 blowgun
 m - a +2 antimagic trident
 n - a +1 dagger of venom (weapon)
Missiles
 e - 8 poisoned needles
 f - 2 curare-tipped needles
 l - 39 stones (quivered)
Armour
 c - a +0 robe (worn)
 d - a +0 cloak (worn)
Scrolls
 a - a scroll of fear {unknown}
 i - 3 scrolls of identify
 k - 2 scrolls of amnesia {unknown}
 o - a scroll of blinking {unknown}
Potions
 h - 2 potions of mutation {unknown}
 j - a potion of heal wounds {unknown}
Comestibles
 g - 3 rations


   Skills:
 - Level 1.5(1.3) Fighting
 + Level 4.5(4.3) Short Blades
 - Level 2.0(1.7) Throwing
 - Level 1.5(1.2) Dodging
 - Level 5.8(5.5) Stealth


You had 2 spell levels left.
You didn't know any spells.

Dungeon Overview and Level Annotations

Branches:
Dungeon (3/15)

Altars:
Makhleb
Xom

Annotations:
D:2 exclusions: crimson imp and orc warrior
D:3 exclusion: hungry ghost


Innate Abilities, Weirdness & Mutations

You are very small and have problems with some larger weapons.
You are too small for most types of armour.
You have supernaturally acute eyesight. (SInv)
You are a herbivore.
You cover ground extremely quickly.
You need consume almost no food.


Message History

Here: an orc wizard, wielding a dagger of draining and wearing a robe (severely wounded, poisoned)
A rat corpse.
An open door, spattered with blood.
You hit the orc wizard but do no damage.
The orc wizard looks as sick as possible!
The orc wizard is severely wounded.
You barely miss the orc wizard.
The orc wizard is severely wounded.
The orc wizard points at you and mumbles some strange words.
The magic dart hits you!
You hit the orc wizard.
The orc wizard looks as sick as possible!
The orc wizard is almost dead.
The orc wizard points at you and mumbles some strange words.
The magic dart hits you!
* * * LOW HITPOINT WARNING * * *
You barely miss the orc wizard.
The orc wizard is almost dead.
The orc wizard hits you with a dagger of draining.
You die...

..ยง.#.# # o.oo#.#.#
..#...#.#... #...
###......... #..
.##...##....##..
.##...##...#....
.......'.......#####
......##.......#...#
......##.......#@..#
......# #)o...+
......# #.#...#
#+#...# #.#..<+
#....## #.###.#
..###.. .r. .# ...
... ..# .# ... ..
#..# ## ... ....


You could see an orc wizard.

Vanquished Creatures
  An adder (D:3)
  A worm (D:2)
  A leopard gecko (D:1)
  2 orcs (D:3)
  7 goblins
  5 hobgoblins
  2 jackals (D:2)
  A quokka (D:3)
  4 bats
  5 frilled lizards
  5 kobolds
  5 rats
39 creatures vanquished.

Notes
Turn   | Place    | Note
-------+----------+-------------------------------------------
     0 | D:1      | MenacingMecha the Spriggan Assassin began the quest for the Orb.
     0 | D:1      | Reached XP level 1. HP: 10/10 MP: 2/2
   282 | D:1      | Reached XP level 2. HP: 14/14 MP: 3/3
   893 | D:2      | Found a burning altar of Makhleb.
  1091 | D:2      | Noticed a crimson imp
  1237 | D:2      | Reached XP level 3. HP: 18/18 MP: 4/4
  1312 | D:2      | Found a shimmering altar of Xom.
  1522 | D:2      | Noticed an orc warrior
  1767 | D:3      | Noticed a hungry ghost
  1828 | D:3      | Slain by an orc wizard

Skill      XL: |  1  2  3 |
---------------+----------+-----
Short Blades   | 3 4 |  4.5
Fighting       | |  1.5
Throwing       | |  2.0
Dodging        | |  1.5
Stealth        | |  5.8

Action                   || total
-------------------------++-------
Melee: Dagger            ||   125
  Use: Scroll            ||     1
 Stab: Sleeping          ||    14
Armor: Robe              ||     8
Dodge: Dodged            ||    87
